 Dungeon Crawl Stone Soup version 0.23.2-1-ga50397a6bc (webtiles) character file.

Game seed: 4197117211488825499

2482 Freyura the Cudgeler (level 9, 0/55 HPs)
             Began as a Gargoyle Fighter on Apr 27, 2019.
             Was a Believer of the Shining One.
             Slain by a white ugly thing (17 damage)
             ... on level 8 of the Dungeon.
             The game lasted 00:29:05 (4971 turns).

Freyura the Cudgeler (Gargoyle Fighter)             Turns: 4971, Time: 00:29:06

Health: 0/55       AC: 16    Str: 20      XL:     9   Next: 52%
Magic:  12/12      EV: 11    Int:  7 (9)  God:    the Shining One [**....]
Gold:   408        SH: 10    Dex: 12      Spells: 8/8 levels left

rFire    . . .     SeeInvis .   a - +1 flail
rCold    . . .     Gourm    .   c - +0 shield
rNeg     + + .     Faith    .   g - +3 leather armour
rPois    ∞         Spirit   .   p - +2 helmet
rElec    +         Reflect  .   (no cloak)
rCorr    .         Harm     .   (no gloves)
MR       +....                  (no boots)
Stlth    +.........             (no amulet)
HPRegen  0.18/turn              v - ring of protection from magic
MPRegen  0.13/turn              q - +3 ring of slaying

@: glowing
A: negative energy resistance 1, electricity resistance, unbreathing,
petrification resistance, rot immunity, AC +6
a: Divine Shield, Renounce Religion


You were on level 8 of the Dungeon.
You worshipped the Shining One.
The Shining One was pleased with you.
You were not hungry.

You visited 1 branch of the dungeon, and saw 8 of its levels.

You collected 408 gold pieces.

Inventory:

Hand Weapons
 a - a +1 flail (weapon)
Armour
 c - a +0 shield (worn)
 g - a +3 leather armour (worn)
 p - a +2 helmet (worn)
Jewellery
 q - a +3 ring of slaying (right hand)
 r - an uncursed ring of protection from magic
 t - an uncursed ring of magical power
 v - a ring of protection from magic (left hand)
Wands
 b - a wand of flame (27)
 x - a wand of enslavement (8)
 A - a wand of scattershot (11)
Scrolls
 e - a scroll of fog
 h - 7 scrolls of remove curse
 i - 3 scrolls of identify
 j - 4 scrolls of teleportation
 l - a scroll of amnesia
Potions
 d - a potion of might
 k - 2 potions of berserk rage
 m - 2 potions of brilliance
 n - a potion of degeneration
 o - 2 potions of mutation
 s - 3 potions of curing
 w - a potion of heal wounds
 z - a potion of resistance {unknown}
Comestibles
 f - 17 rations


   Skills:
 + Level 6.1 Fighting
 * Level 6.9 Maces & Flails
 + Level 6.0 Armour
 + Level 3.6 Dodging
 + Level 6.2 Shields
 + Level 4.6 Invocations
 + Level 1.6 Evocations


You had 8 spell levels left.
You didn't know any spells.
Your spell library was empty.

Dungeon Overview and Level Annotations

Branches:
Dungeon (8/15)             Temple (0/1) D:7
   Lair: D:8-11

Altars:
Ashenzari
Cheibriados
Dithmenos
Gozag
Ru
Sif Muna
Vehumet
Yredelemnul
The Shining One


Innate Abilities, Weirdness & Mutations

You are resistant to torment.
Your stone body is resilient. (AC +6)
You are immune to poison.
You resist negative energy. (rN+)
You are resistant to electric shocks. (rElec)
You can survive without breathing.
You are immune to petrification.
You are immune to rotting.


Message History

You hit the white ugly thing but do no damage.
You block the white ugly thing's attack.
You hit the white ugly thing but do no damage.
You block the white ugly thing's attack.
You hit the white ugly thing.
The white ugly thing is lightly wounded.
The white ugly thing gores you but does no damage.
You hit the white ugly thing.
The white ugly thing is lightly wounded.
The white ugly thing gores you! The white ugly thing freezes you!!
You are too injured to fight recklessly!
You are too injured to fight recklessly!
You are too injured to fight recklessly!
You hit the white ugly thing.
The white ugly thing is lightly wounded.
You block the white ugly thing's attack.
You sock the white ugly thing!
The white ugly thing is moderately wounded.
The white ugly thing gores you. The white ugly thing freezes you!
You die...

#../
#...
#...
#...
#...
#...##
#....#
+...@#
#...u#
#....#
###+##


You could see a white ugly thing.

Vanquished Creatures
  Pikel (D:6)
  A vampire (D:7)
  A spriggan (D:7)
  A sky beast (D:7)
  A black bear (D:6)
  2 ogres
  2 centaurs
  3 killer bees (D:7)
  4 wights (D:7)
  A howler monkey (D:4)
  A crimson imp (D:5)
  2 quasits
  2 orc priests
  A jelly (D:7)
  An iron imp (D:7)
  7 orc wizards
  Jessica (D:3)
  Terence (D:3)
  An iguana (D:7)
  7 worker ants
  A hound zombie (D:6)
  2 hound skeletons
  Robin (D:3)
  8 adders
  2 shadow imps (D:5)
  An ooze (D:6)
  3 adder skeletons
  3 dart slugs
  6 leopard geckos
  17 orcs
  13 goblins
  7 hobgoblins
  3 jackals (D:1)
  3 quokkas
  2 ball pythons
  6 bats
  3 frilled lizards
  6 kobolds
  2 rats
  A spectral orc (D:5)
131 creatures vanquished.

Notes
Turn   | Place    | Note
-------+----------+-------------------------------------------
     0 | D:1      | Freyura the Gargoyle Fighter began the quest for the Orb.
     0 | D:1      | Reached XP level 1. HP: 14/14 MP: 1/1
   286 | D:1      | Reached XP level 2. HP: 19/19 MP: 2/2
   606 | D:2      | Reached XP level 3. HP: 20/23 MP: 3/3
   852 | D:2      | Found an opulent altar of Gozag.
   860 | D:2      | Found a glowing golden altar of the Shining One.
   868 | D:2      | Became a worshipper of the Shining One
   873 | D:2      | Found a sacrificial altar of Ru.
  1191 | D:3      | Noticed Terence
  1199 | D:3      | Killed Terence
  1199 | D:3      | Reached XP level 4. HP: 29/29 MP: 4/4
  1282 | D:3      | Reached skill level 1 in Dodging
  1371 | D:3      | Noticed Jessica
  1374 | D:3      | Killed Jessica
  1374 | D:3      | Reached skill level 1 in Invocations
  1374 | D:3      | Reached XP level 5. HP: 31/33 MP: 5/5
  1396 | D:3      | Noticed Robin
  1409 | D:3      | Killed Robin
  1691 | D:3      | Found a shattered altar of Ashenzari.
  1914 | D:4      | Got an ancient leather armour
  1925 | D:4      | Identified the +1 leather armour "Kapuxumm" {*Drain rF+
                  | Regen+ Int+4} (You found it on level 4 of the Dungeon)
  1989 | D:4      | Reached XP level 6. HP: 37/38 MP: 5/7
  2463 | D:5      | Entered Level 5 of the Dungeon
  2507 | D:5      | Reached * piety under the Shining One
  2509 | D:5      | Reached XP level 7. HP: 37/44 MP: 8/8
  2657 | D:5      | Found a deep blue altar of Sif Muna.
  3285 | D:5      | Found a basalt altar of Yredelemnul.
  3464 | D:6      | Found a shadowy altar of Dithmenos.
  3589 | D:6      | Found a radiant altar of Vehumet.
  3599 | D:6      | Reached skill level 5 in Maces & Flails
  3640 | D:6      | Reached XP level 8. HP: 44/48 MP: 10/10
  3737 | D:6      | Noticed Pikel
  3753 | D:6      | Killed Pikel
  3753 | D:6      | Reached skill level 5 in Fighting
  3753 | D:6      | Reached skill level 5 in Armour
  3753 | D:6      | Reached skill level 5 in Shields
  3763 | D:6      | Got an ancient robe
  3774 | D:6      | Identified the +0 robe of Dadoil {rElec rC++ MP+9 Int-4}
                  | (You found it on level 6 of the Dungeon)
  4179 | D:7      | Found a snail-covered altar of Cheibriados.
  4179 | D:7      | Reached ** piety under the Shining One
  4202 | D:7      | Noticed a vampire
  4230 | D:7      | Killed a vampire
  4230 | D:7      | Reached XP level 9. HP: 45/55 MP: 12/12
  4267 | D:7      | Reached skill level 1 in Evocations
  4919 | D:7      | Found a staircase to the Ecumenical Temple.
  4963 | D:8      | Noticed a white ugly thing
  4971 | D:8      | Slain by a white ugly thing

Skill      XL: |  1  2  3  4  5  6  7  8  9 |
---------------+----------------------------+-----
Maces & Flails | 3 4 5 6 |  6.9
Dodging        | 1 2 3 |  3.6
Invocations    | 1 2 3 4 |  4.6
Shields        | 4 5 6 |  6.2
Fighting       | 4 5 6 |  6.1
Armour         | 4 5 6 |  6.0
Evocations     | 1 |  1.6

Action                   |  1- 3 |  4- 6 |  7- 9 || total
-------------------------+-------+-------+-------++-------
Melee: Flail             |   100 |   158 |   209 ||   467
  Use: Scroll            |       |    14 |     4 ||    18
       Potion            |       |       |     3 ||     3
  Eat: Chunk             |       |     6 |     8 ||    14
Armor: Scale mail        |    53 |    95 |    24 ||   172
       Leather armour    |       |       |   106 ||   106
Dodge: Dodged            |    37 |    54 |   133 ||   224
Block: Shield            |    62 |    82 |   138 ||   282
